 Dungeon Crawl Stone Soup version 0.30-a0-870-gc5d4c5acee (webtiles) character file.

Game seed: 11379343410415396928

46 AlGokalmin the Conjurer (level 3, -2/24 HPs)
             Began as a Human Conjurer on Mar 11, 2023.
             Killed from afar by Sigmund (7 damage)
             ... with a puff of flame
             ... on level 2 of the Dungeon.
             The game lasted 00:05:00 (1770 turns).

AlGokalmin the Conjurer (Human Conjurer)            Turns: 1770, Time: 00:05:01

Health: -2/24      AC:  2    Str:  7    XL:     3   Next: 95%
Magic:  1/6        EV: 12    Int: 20    God:
Gold:   88         SH:  0    Dex: 11    Spells: 6/7 levels left

rFire   . . .      SeeInvis .    g - +0 short sword
rCold   . . .      Faith    .    (no shield)
rNeg    . . .      Spirit   .    a - +0 robe
rPois   .          Reflect  .    (no helmet)
rElec   .          Rampage  .    (no cloak)
rCorr   .                        (no gloves)
Will    .....                    (no boots)
Stlth   ++                       (no amulet)
HPRegen 0.24/turn                (no ring)
MPRegen 0.10/turn                (no ring)

@: no status effects
A: no striking features
a: no special abilities


You were on level 2 of the Dungeon.
You visited 1 branch of the dungeon, and saw 2 of its levels.

You collected 88 gold pieces.

Inventory:

Hand Weapons
 g - a +0 short sword (weapon)
Armour
 a - a +0 robe (worn)
Jewellery
 j - an amulet of regeneration
Scrolls
 c - 2 scrolls of identify {unknown}
 e - a scroll of summoning {unknown}
 i - a scroll of blinking {unknown}
Potions
 b - a potion of magic
 d - 2 potions of might {unknown}
 f - a potion of mutation {unknown}
 h - 2 potions of attraction {unknown}


   Skills:
 + Level 2.0 Dodging
 + Level 2.1 Stealth
 + Level 2.5 Spellcasting
 + Level 4.9 Conjurations


You had 6 spell levels left.
You knew the following spells:

 Your Spells              Type           Power      Damage    Failure   Level
a - Magic Dart            Conj           88%        1d7       1%          1

Your spell library contained the following spells:

 Spells                   Type           Power      Damage    Failure   Level
 Searing Ray              Conj           44%        2d6       3%          2
 Dazzling Flash           Conj/Hex       24%        N/A       16%         3
 Lesser Beckoning         Tloc           4%         N/A       22%         2
 Gell's Gravitas          Tloc           2%         N/A       41%         3
 Teleport Other           Tloc           2%         N/A       41%         3
 Fulminant Prism          Conj/Hex       6%         3d7       47%         4
 Iskenderun's Mystic Bla  Conj/Tloc      12%        2d5       47%         4


Dungeon Overview and Level Annotations

Branches:
Dungeon (2/15)

Altars:

Annotations:
D:2 Sigmund


Message History

The magic dart hits Sigmund.
Sigmund is moderately wounded.
Sigmund says, "I'm your fate."
The magic dart hits Sigmund.
Sigmund is heavily wounded.
Sigmund gestures at you while chanting.
You are confused.
You're too confused to cast spells.
You're too confused to cast spells.
You bump into the tree.
Sigmund gestures at you while chanting. The magic dart hits you!
Sigmund points at you and mumbles some strange words.
The magic dart hits you!
You're too confused to cast spells.
Unknown command.
Unknown command.
You're too confused to cast spells.
You bump into the tree.
Sigmund hits you with a +0 scythe.
* * * LOW HITPOINT WARNING * * *
You hit Sigmund.
Sigmund is severely wounded.
You feel less confused.
You hit Sigmund but do no damage.
Sigmund is severely wounded.
Sigmund barely misses you.
You barely miss Sigmund.
Sigmund is severely wounded.
Sigmund gestures at you while chanting. The puff of flame misses you.
Casting: Magic Dart (safe; 1% risk of failure)
Confirm with . or Enter, or press ? or * to list all spells.
Aiming: Magic Dart (safe; 1% risk of failure)
Press: ? - help, Shift-Dir - straight line, f/p - Sigmund
Aim: Sigmund, wielding a +0 scythe and wearing a +0 robe (severely wounded, 100% to hit)
The magic dart hits Sigmund but does no damage.
Sigmund is severely wounded.
Sigmund points at you and mumbles some strange words.
The puff of flame hits you!
You die...

#.#.........'.....
#.........###.....
#.......#.# #.....
#..######.# #.....
#.....#...# ######
♣♣♣♣♣♣♣♣#.##.#.###
♣..8_8.♣♣.##...#
.......@♣♣♣...##
..♣...♣♣@.♣##.###
♣.⌠.♣♣♣♣.##...#######
♣.).♣ #.............#
#♣.♣.♣♣♣..######..##.###
♣..♣♣..♣.## #..##.#.#
♣.♣♣♣♣.♣.#######.......#
♣.♣ ♣.♣.........##.>.##
♣.♣♣#♣♣.########.#######
♣..♣#.♣.....# #.####...


You could see Sigmund.

Vanquished Creatures
  An adder (D:2)
  A worm (D:2)
  7 bats (D:1)
  A giant cockroach (D:1)
  6 goblins (D:1)
  2 hobgoblins (D:1)
  2 quokkas (D:1)
  4 frilled lizards
  5 kobolds
  7 rats (D:1)
36 creatures vanquished.

Notes
Turn   | Place    | Note
-------+----------+-------------------------------------------
     0 | D:1      | AlGokalmin the Human Conjurer began the quest for the Orb.
     0 | D:1      | Reached XP level 1. HP: 13/13 MP: 3/3
   104 | D:1      | Reached XP level 2. HP: 19/19 MP: 1/5
   839 | D:1      | Reached XP level 3. HP: 24/24 MP: 2/6
  1625 | D:2      | Found a faded altar of an unknown god.
  1756 | D:2      | Noticed Sigmund
  1770 | D:2      | Killed from afar by Sigmund

Illustrated notes

Levels and vault maps discovered:
D:1:      lordsloth_arrival_two_stooges, layout_basic
D:2:      layout_basic, serial_shops, nicolae_shop_behind_doors,
          shapermc_ecumenical_altar_totnotflames,
          chequers_serial_rivers_micro_a, uniq_crazy_yiuf_cottage, uniq_sigmund

Action                     || total
---------------------------++-------
  Melee: Short sword       ||     8
   Cast: Magic Dart        ||    64
 Armour: Robe              ||     1
  Dodge: Dodged            ||     5

Table legend: (Time is in decaauts)
 A = Elapsed time spent in this place.
 B = Non-inter-level travel time spent in this place.
 C = Inter-level travel time spent in this place.
 D = Time resting spent in this place.
 E = Time spent auto-exploring this place.
 F = Levels seen in this place.
 G = Mean time per level.
                   A        B        C        D        E       F      G
               +--------+--------+--------+--------+--------+-----+--------+
         Total |   1770 |   1755 |     15 |    978 |    651 |   2 |  885.0 |
       Dungeon |   1770 |   1755 |     15 |    978 |    651 |   2 |  885.0 |
               +--------+--------+--------+--------+--------+-----+--------+

Top non-repeatable levels by time:
     D:1: 1355 daAuts
     D:2: 415 daAuts
